 Dungeon Crawl Stone Soup version 0.27.1 (webtiles) character file.

Game seed: 7479452957977286537

93 ZARRMARR the Changer (level 4, -2/28 HPs)
             Began as an Octopode Transmuter on Aug 30, 2021.
             Slain by a gnoll (6 damage)
             ... on level 2 of the Dungeon.
             The game lasted 00:11:09 (2678 turns).

ZARRMARR the Changer (Octopode Transmuter)          Turns: 2678, Time: 00:11:11

Health: -2/28      AC:  1    Str:  9    XL:     4   Next: 62%
Magic:  7/7        EV: 13    Int: 22    God:
Gold:   74         SH:  0    Dex: 12    Spells: 6/7 levels left

rFire    . . .     SeeInvis .     - Unarmed
rCold    . . .     Faith    .   (no shield)
rNeg     . . .     Spirit   .   (helmet currently unavailable)
rPois    .         Reflect  .   (no amulet)
rElec    .         Harm     .   a - +6 ring of intelligence
rCorr    .         Rampage  .   (no ring)
Will     .....                  (no ring)
Stlth    ++........             (no ring)
HPRegen  0.09/turn              (no ring)
MPRegen  0.10/turn              (no ring)
                                (no ring)
                                (no ring)

@: appendages
A: tentacle spike 3, almost no armour, amphibious, 8 rings, camouflage 1,
gelatinous body 1, (nimble swimmer 1), tentacles
a: End Transformation


You were on level 2 of the Dungeon.
One of your tentacles had grown a beastly spike.
You visited 1 branch of the dungeon, and saw 2 of its levels.

You collected 74 gold pieces.

Inventory:

Missiles
 b - 15 poisoned darts (quivered)
Jewellery
 a - a +6 ring of intelligence (left tentacle)
 e - a ring of ice
Scrolls
 d - a scroll of enchant weapon {unknown}


   Skills:
 - Level 1.0 Fighting
 - Level 2.0 Dodging
 - Level 3.0 Unarmed Combat
 - Level 2.0 Spellcasting
 + Level 3.7 Transmutations
 * Level 2.6 Ice Magic


You had 6 spell levels left.
You knew the following spells:

 Your Spells              Type           Power      Damage    Failure   Level
a - Beastly Appendage     Tmut           36%        N/A       3%          1

Your spell library contained the following spells:

 Spells                   Type           Power      Damage    Failure   Level
 Wereblood                Tmut           18%        N/A       4%          2
 Spider Form              Tmut/Pois      5%         N/A       19%         3
 Corpse Rot               Necr/Air       N/A        N/A       21%         2
 Poisonous Vapours        Pois/Air       4%         N/A       21%         2
 Ice Form                 Ice/Tmut       16%        N/A       36%         4
 Call Canine Familiar     Summ           2%         N/A       38%         3
 Portal Projectile        Hex/Tloc       4%         N/A       38%         3
 Leda's Liquefaction      Hex/Erth       1%         N/A       80%         4
 Freezing Cloud           Conj/Ice/Air   3%         6-21      95%         5


Dungeon Overview and Level Annotations

Branches:
Dungeon (2/15)

Altars:


Innate Abilities, Weirdness & Mutations

One of your tentacles has grown a beastly spike.
You cannot wear most types of armour.
You are amphibious.
You can wear up to eight rings at the same time.
Your skin changes colour to match your surroundings (Stealth+).
Your rubbery body absorbs attacks. (AC +1, EV +1)
((You are camouflaged near water. (Stealth+)))
You have tentacles for arms and can constrict up to eight enemies at once.


Message History

You throw a poisoned dart.
The poisoned dart closely misses the gnoll.
The poisoned dart barely misses the gnoll.
Throw: 18 darts (poison)
Press: ? - help, Q - select action, (/) - cycle Shift-Dir - straight line, f/p - gnoll
Aim: a gnoll, wielding a +0 flail (60% to hit)
You throw a poisoned dart.
The poisoned dart closely misses the gnoll.
The poisoned dart hits the gnoll.
The gnoll is poisoned.
Throw: 17 darts (poison)
Press: ? - help, Q - select action, (/) - cycle Shift-Dir - straight line, f/p - gnoll
Aim: a gnoll, wielding a +0 flail (60% to hit)
You throw a poisoned dart. The poisoned dart hits the gnoll.
Unknown command.
Throw: 16 darts (poison)
Press: ? - help, Q - select action, (/) - cycle Shift-Dir - straight line, f/p - gnoll
Aim: a gnoll, wielding a +0 flail (60% to hit)
You throw a poisoned dart. The poisoned dart hits the gnoll.
The gnoll is poisoned.
Unknown command.
You tentacle-slap the gnoll. Your grab misses the gnoll.
The gnoll is heavily wounded.
The gnoll hits you with a +0 flail!
You tentacle-slap the gnoll but do no damage.
Your grab misses the gnoll.
The gnoll is heavily wounded.
The gnoll hits you with a +0 flail. The gnoll misses you.
You tentacle-slap the gnoll but do no damage.
Your grab misses the gnoll.
The gnoll is severely wounded.
You barely miss the gnoll. Your grab misses the gnoll.
The gnoll is severely wounded.
The gnoll hits you from afar with a +0 spear!
You tentacle-slap the gnoll but do no damage.
Your grab misses the gnoll.
The gnoll is almost dead.
The gnoll hits you with a +0 flail.
* * * LOW HITPOINT WARNING * * *
The gnoll hits you from afar with a +0 spear.
You die...

.#.#'#####........* *,,
.#.#.....'.)......* *****,,
.#...#####........* *,,,',,
.#.#..............* *,***,g
.#.#.#...#.#######* ***,***,,
.#[#.....#.#### ****,,,,*,,,
.#.#..........# *,,,,,,**,,,
.#.#.###.####)########..g,,,**,,,
...........##...@.g.....,,,,**,**
...#...#.#.####.g.......,,,,**,*
......................((,,,,',>*
.......#.#..............,,,,**,*
............##........##,,,,,,,*
######.#........#######*,*******
<* #.#.....#.####### #.# **
#.#.##..#.......# #.#
#.#.#*#.#.#####.# #.#


You could see 2 gnolls.

Vanquished Creatures
  A gnoll (D:2)
  4 adders (D:2)
  6 ball pythons
  8 bats
  4 endoplasms
  2 giant cockroaches (D:1)
  A goblin (D:2)
  5 hobgoblins
  5 quokkas
  A frilled lizard (D:1)
  2 kobolds (D:1)
  7 rats
46 creatures vanquished.

Notes
Turn   | Place    | Note
-------+----------+-------------------------------------------
     0 | D:1      | ZARRMARR the Octopode Transmuter began the quest for the
                  | Orb.
     0 | D:1      | Reached XP level 1. HP: 13/13 MP: 3/3
    46 | D:1      | Reached skill level 1 in Ice Magic
    63 | D:1      | Reached XP level 2. HP: 10/18 MP: 3/5
   769 | D:1      | Reached XP level 3. HP: 22/23 MP: 6/6
  1543 | D:2      | Reached XP level 4. HP: 28/28 MP: 7/7
  1627 | D:2      | Found a faded altar of an unknown god.
  1712 | D:2      | HP: 1/28 [poisoned by an adder]
  2644 | D:2      | Found a faded altar of an unknown god.
  2678 | D:2      | Slain by a gnoll

Illustrated notes

Levels and vault maps discovered:
D:1:      lightli_arrival_isolated_outpost, layout_basic, st_stairs_7
D:2:      layout_basic, basic_ecumenical_altar, st_stairs_2

Skill      XL: |  1  2  3 |
---------------+----------+-----
Ice Magic      | 1 2 |  2.6
Transmutations | 3 |  3.7
Fighting       | |  1.0
Dodging        | |  2.0
Unarmed Combat | |  3.0
Spellcasting   | |  2.0

Action                   |  1- 3 |  4- 6 || total
-------------------------+-------+-------++-------
Melee: Unarmed           |    73 |    25 ||    98
       Constrict         |    19 |     7 ||    26
       Kick              |    21 |     5 ||    26
       Tentacles         |     5 |     1 ||     6
       Punch             |     2 |       ||     2
Throw: Dart              |       |     9 ||     9
 Cast: Beastly Appendage |    24 |     7 ||    31
  Use: Scroll            |       |     2 ||     2
 Stab: Sleeping          |     2 |       ||     2
Armor: Skin              |     3 |     4 ||     7
Dodge: Dodged            |    45 |    21 ||    66
